Map: Crimson Court LE

Players

ForJumyyyy (ForJumy)

  • Race: Protoss Protoss
  • League: Master
  • Spawn Location: 1:00

RedpackCuKu (CuKu) - Winner!

  • Race: Terran Terran
  • Spawn Location: 7:00

Event: HomeStory Cup XXV

VOD

Have the link to the VOD?

Description

Time

  • Played on: June 22, 2024, 8:53 a.m.
  • Length: 9:01

All games in this series

Show
View Real Time Build Order
Export as new Build Order

ForJumyyyy Protoss 

Build Orders: 1 Gate Expand, Blink Stalkers 

Get SALT Encoding   

  12  0:00  Probe  
  13  0:12  Probe  
  14  0:17  Pylon  
  14  0:26  Probe  
  15  0:35  Gateway  
  15  0:38  Probe (Chrono Boost)  
  16  0:47  Probe (Chrono Boost)  
  17  0:50  Assimilator  
  17  0:52  Probe (Chrono Boost)  
  18  1:04  Probe  
  19  1:16  Probe  
  20  1:22  Cybernetics Core  
  21  1:37  Nexus  
  20  1:42  Pylon  
  20  1:45  Probe  
  21  1:52  Assimilator  
  21  1:57  Probe  
  21  1:58  Adept (Chrono Boost)  
  24  2:03  Warp Gate  
  24  2:09  Probe  
  25  2:22  Shield Battery, Adept  
  25  2:26  Probe  
  27  2:38  Twilight Council  
  27  2:40  Probe (Chrono Boost)  
  28  2:49  Probe (Chrono Boost)  
  29  2:52  Probe (Chrono Boost)  
  31  2:59  Probe (Chrono Boost)  
  31  3:00  Probe (Chrono Boost)  
  31  3:03  Gateway  
  31  3:04  Probe (Chrono Boost)  
  32  3:12  Stalker  
  35  3:16  Probe (Chrono Boost)  
  35  3:18  Blink (Chrono Boost), Probe (Chrono Boost)  
  38  3:30  Probe (Chrono Boost)  
  38  3:31  Probe (Chrono Boost)  
  39  3:38  Probe  
  39  3:39  Probe  
  39  3:40  Robotics Facility  
  41  3:45  Pylon  
  41  3:50  Probe  
  41  3:51  Probe  
  41  4:01  Stalker x2  
  43  4:03  Probe x2  
  43  4:15  Probe x2  
  45  4:22  Nexus  
  45  4:24  Stalker  
  45  4:27  Probe  
  45  4:30  Probe  
  48  4:32  Observer  
  48  4:34  Stalker  
  51  4:39  Probe  
  51  4:42  Pylon  
  51  4:43  Gateway  
  53  4:45  Probe  
  53  4:50  Pylon  
  53  4:51  Probe  
  54  5:00  Forge  
  54  5:02  Stalker x2  
  54  5:04  Probe  
  54  5:07  Charge  
  59  5:09  Observer  
  59  5:10  Probe (Chrono Boost)  
  61  5:15  Assimilator  
  62  5:22  Probe x2 (Chrono Boost)  
  62  5:26  Stalker  
  62  5:27  Stalker  
  64  5:31  Probe x2 (Chrono Boost)  
  65  5:36  Probe  
  65  5:44  Protoss Ground Armor Level 1 (Chrono Boost)  
  65  5:47  Probe (Chrono Boost)  
  65  5:48  Probe (Chrono Boost)  
  65  5:49  Probe (Chrono Boost)  
  68  5:56  Gateway  
  69  5:58  Gateway  
  69  5:59  Immortal  
  69  6:03  Probe x2 (Chrono Boost)  
  74  6:08  Probe  
  75  6:15  Gateway  
  75  6:17  Gateway  
  75  6:18  Probe x2  
  77  6:22  Probe  
  78  6:25  Pylon  
  78  6:28  Stalker, Sentry  
  78  6:29  Gateway  
  78  6:31  Stalker  
  82  6:35  Probe  
  82  6:36  Warp Prism (Chrono Boost)  
  82  6:37  Shield Battery  
  82  6:38  Observer  
  85  6:43  Probe x2  
  85  6:46  Observer  
  85  6:52  Zealot x3  
  91  6:55  Pylon  
  91  6:58  Zealot  
  93  7:03  Pylon  
  93  7:13  Probe  
  93  7:14  Zealot x3  
  93  7:15  Robotics Bay  
  100  7:16  Pylon  
  100  7:23  Zealot x4  
  107  7:30  Probe x2  
  107  7:34  Immortal (Chrono Boost)  
  113  7:39  Pylon  
  113  7:43  Assimilator  
  113  7:45  Zealot x2  
  113  7:48  Pylon  
  113  7:49  Pylon x2  
  117  7:57  Probe  
  112  8:03  Zealot x4  
  116  8:05  Disruptor (Chrono Boost)  
  116  8:07  Zealot x6  
  116  8:08  Zealot  
  124  8:23  Stalker  
  104  8:29  Zealot x6  
  104  8:33  Zealot  
  104  8:34  Disruptor (Chrono Boost)  
  108  8:39  Probe  
  70  8:49  Zealot x4  
  66  8:56  Stalker  
Show
View Real Time Build Order
Export as new Build Order

RedpackCuKu Terran - Winner!

Build Orders:  

Get SALT Encoding   

  12  0:00  SCV  
  13  0:12  SCV  
  14  0:18  Supply Depot  
  14  0:25  SCV  
  15  0:39  SCV  
  15  0:41  Barracks  
  16  0:46  Refinery  
  16  0:51  SCV  
  16  0:55  Refinery  
  17  1:02  Supply Depot  
  17  1:06  SCV  
  18  1:18  SCV  
  19  1:32  Orbital Command, Reaper  
  20  1:51  Factory  
  20  1:58  SCV  
  21  2:04  Barracks Reactor  
  21  2:10  SCV  
  22  2:22  SCV  
  22  2:30  Command Center  
  22  2:34  SCV  
  25  2:37  Hellion  
  25  2:41  Reaper x2  
  27  2:46  Supply Depot  
  27  2:48  SCV  
  28  2:59  Starport  
  28  3:00  SCV  
  28  3:04  Hellion  
  31  3:13  Marine x2  
  31  3:16  SCV  
  34  3:27  Factory Tech Lab  
  34  3:29  SCV  
  35  3:38  Starport Tech Lab  
  35  3:41  SCV, Marine x2  
  38  3:54  Siege Tank  
  39  3:59  Marine  
  38  4:04  Marine  
  38  4:05  Raven  
  38  4:07  Orbital Command  
  38  4:08  SCV  
  41  4:12  Barracks  
  41  4:17  Barracks  
  41  4:20  SCV, Marine  
  43  4:28  Siege Tank  
  46  4:32  SCV  
  46  4:34  SCV  
  47  4:40  Supply Depot  
  47  4:43  Banshee  
  50  4:48  Marine x2  
  52  5:00  Supply Depot  
  52  5:01  Marine  
  52  5:02  Siege Tank  
  52  5:06  Marine x2  
  58  5:07  Marine  
  58  5:08  Supply Depot  
  59  5:15  SCV x2  
  59  5:19  Marine  
  62  5:24  Marine x2  
  64  5:36  SCV  
  65  5:42  Stimpack  
  65  5:43  Marine  
  65  5:47  SCV  
  65  5:49  Marine x2  
  68  5:50  Starport Reactor, Factory Reactor  
  68  5:51  SCV  
  68  5:53  Engineering Bay  
  68  5:54  Refinery  
  68  5:55  Combat Shield  
  68  5:56  Supply Depot, Marine  
  70  5:59  SCV  
  70  6:01  Marine  
  70  6:03  SCV  
  73  6:06  Supply Depot  
  73  6:08  Marine  
  73  6:11  SCV  
  75  6:15  Marine x2  
  75  6:16  SCV  
  75  6:18  Supply Depot  
  78  6:19  Marine  
  78  6:21  Terran Infantry Weapons Level 1  
  78  6:23  SCV  
  80  6:26  Marine  
  82  6:33  Marine  
  82  6:34  Marine  
  82  6:35  Medivac  
  82  6:36  Widow Mine x2  
  89  6:42  Barracks  
  89  6:44  Barracks  
  89  6:49  Medivac  
  89  6:51  Marine x2  
  89  6:52  Marine  
  94  6:57  Marine  
  94  6:58  Widow Mine x2  
  99  7:01  Supply Depot  
  99  7:05  Supply Depot  
  99  7:09  Marine x2  
  99  7:11  Medivac  
  105  7:16  Marauder  
  105  7:17  Marauder  
  105  7:18  SCV  
  108  7:27  Marine x2  
  108  7:29  Marine  
  111  7:32  Widow Mine x2  
  115  7:38  Marine x2, Marauder  
  119  7:45  Marine  
  119  7:46  Medivac  
  122  7:56  Marauder  
  124  7:59  Marauder  
  124  8:04  Marine  
  126  8:11  Marine x3  
  129  8:18  Marine  
  128  8:20  Marauder  
  128  8:22  Marine  
  118  8:29  Marine x2  
  118  8:33  Marine, Widow Mine  
  114  8:36  Marauder  
  114  8:37  Widow Mine  
  111  8:41  Marine  
Tags
 
Add a new tag
Caveats
  • Supply blocks, unpowered buildings, or Contaminate may cause inaccurate times.
  • Supply counts are checked every 10 seconds.